TOP OF THE 1ST |
Connecticut Huskies batting - Pitching for Arizona State Sun Devils : RHP Germán García
|
Pitching: RHP Germán García
|
|
Batting: RHB Jeff Manley
|
0-0: SINGLE (Line Drive, 8LS)
|
Batting: LHB Michael Myers
|
0-0: Called Strike 0-1: Swinging Strike 0-2: Ball 1-2: Foul Ball, location: 2F 1-2: Ball Wild Pitch! Jeff Manley to second 2-2: 2-RUN HOME RUN (Flyball, 9LD), Distance : 332 ft
|
Batting: SHB Juan Román
|
0-0: Ball 1-0: Reached on error, E3 (Groundball, 3)
|
Batting: RHB Rob Schmidt
|
0-0: Foul Ball, location: 2F 0-1: Ball 1-1: Ball 2-1: Foul Ball, location: 2F 2-2: Strikes out swinging
|
Batting: SHB Enrique Rojas
|
0-0: Ball 1-0: Ball 2-0: Ball 3-0: Base on Balls Juan Román to second
|
Batting: RHB Alberto Peña
|
Balk! Juan Román to third Enrique Rojas to second 0-0: Ball 1-0: Called Strike 1-1: Fly out, F9 (Flyball, 9S)
|
Batting: RHB Gordon Brown
|
0-0: Ball 1-0: Foul Ball, location: 2F 1-1: Ball Wild Pitch! Juan Román scores Enrique Rojas to third 2-1: Called Strike 2-2: Ground out 5-3 (Groundball, 5)
|
Top of the 1st over - 3 run(s), 2 hit(s), 1 error(s), 1 left on base; Connecticut 3 - Arizona State 0 |
BOTTOM OF THE 1ST |
Arizona State Sun Devils batting - Pitching for Connecticut Huskies : RHP Chris Chamberlain
|
Pitching: RHP Chris Chamberlain
|
|
Batting: RHB Edison Olson
|
0-0: Ball 1-0: Fly out, F3 (Popup, 3F)
|
Batting: RHB Michael Fisher
|
0-0: Ball 1-0: Fly out, F8 (Flyball, 8RM)
|
Batting: RHB Jeffrey Hicks
|
0-0: Ball 1-0: Swinging Strike 1-1: Ball 2-1: Swinging Strike 2-2: Ground out 4-3 (Groundball, 4)
|
Bottom of the 1st over - 0 run(s), 0 hit(s), 0 error(s), 0 left on base; Connecticut 3 - Arizona State 0 |
TOP OF THE 2ND |
Connecticut Huskies batting - Pitching for Arizona State Sun Devils : RHP Germán García
|
Batting: LHB Chris Schultz
|
0-0: Ball 1-0: Called Strike 1-1: Called Strike 1-2: Ball 2-2: SINGLE (Groundball, 4M)
|
Batting: RHB Brian Kramer
|
0-0: Called Strike 0-1: Ball 1-1: Ball 2-1: Foul Ball, location: 2F 2-2: Strikes out swinging
|
Batting: RHB Jeff Manley
|
0-0: Ball 1-0: TRIPLE (Line Drive, 9LS) Chris Schultz scores
|
Batting: LHB Michael Myers
|
0-0: SINGLE (Line Drive, 7LS) Jeff Manley scores
|
Batting: SHB Juan Román
|
0-0: Foul Ball, location: 2F 0-1: Swinging Strike 0-2: Ball 1-2: Strikes out looking
|
Batting: RHB Rob Schmidt
|
0-0: Called Strike 0-1: Swinging Strike 0-2: Foul Ball, location: 2F 0-2: Ball 1-2: Foul Ball, location: 2F 1-2: Ball 2-2: Ball Michael Myers steals 2nd base 3-2: 2-RUN HOME RUN (Line Drive, 9LD), Distance : 322 ft
|
Batting: SHB Enrique Rojas
|
0-0: Reached on error, E5 (Groundball, 5S)
|
Batting: RHB Alberto Peña
|
0-0: Ball 1-0: Called Strike 1-1: Ball 2-1: Ball 3-1: Base on Balls Enrique Rojas to second
|
Batting: RHB Gordon Brown
|
0-0: Ball 1-0: Swinging Strike 1-1: Swinging Strike 1-2: Ball 2-2: Ground out 1-3 (Groundball, 13)
|
Top of the 2nd over - 4 run(s), 4 hit(s), 1 error(s), 2 left on base; Connecticut 7 - Arizona State 0 |
BOTTOM OF THE 2ND |
Arizona State Sun Devils batting - Pitching for Connecticut Huskies : RHP Chris Chamberlain
|
Batting: LHB Derrick Simpson
|
0-0: Ball 1-0: SOLO HOME RUN (Flyball, 7D), Distance : 366 ft
|
Batting: RHB Jed Anderson
|
0-0: Ball 1-0: Ball 2-0: Foul Ball, location: 2F 2-1: Ball 3-1: SINGLE (Flyball, 89S)
|
Batting: RHB Geoff Jackson
|
0-0: Ball 1-0: Ball 2-0: Called Strike 2-1: Foul Ball, location: 2F 2-2: Foul Ball, location: 2F 2-2: Strikes out looking
|
Batting: RHB Tom Hicks
|
0-0: Ball 1-0: Called Strike 1-1: Foul Ball, location: 2F 1-2: Grounds into double play, 6-4-3 (Groundball, 6)
|
Bottom of the 2nd over - 1 run(s), 2 hit(s), 0 error(s), 0 left on base; Connecticut 7 - Arizona State 1 |
TOP OF THE 3RD |
Connecticut Huskies batting - Pitching for Arizona State Sun Devils : RHP Germán García
|
Batting: LHB Chris Schultz
|
0-0: Ball 1-0: Ball 2-0: Foul Ball, location: 2F 2-1: Called Strike 2-2: Ball 3-2: Strikes out swinging
|
Batting: RHB Brian Kramer
|
0-0: Called Strike 0-1: Ball 1-1: Foul Ball, location: 2F 1-2: Ball 2-2: Strikes out swinging
|
Batting: RHB Jeff Manley
|
0-0: Called Strike 0-1: Swinging Strike 0-2: Strikes out swinging
|
Top of the 3rd over - 0 run(s), 0 hit(s), 0 error(s), 0 left on base; Connecticut 7 - Arizona State 1 |
BOTTOM OF THE 3RD |
Arizona State Sun Devils batting - Pitching for Connecticut Huskies : RHP Chris Chamberlain
|
Batting: LHB Enrique Cruz
|
0-0: Called Strike 0-1: Ball 1-1: Called Strike 1-2: Strikes out swinging
|
Batting: RHB Walter Brown
|
0-0: Ground out 6-3 (Groundball, 6M)
|
Batting: RHB Edison Olson
|
0-0: SINGLE (Groundball, 15) (infield hit)
|
Batting: RHB Michael Fisher
|
0-0: Ball 1-0: Ball 2-0: Called Strike 2-1: Ball 3-1: Foul Ball, location: 2F 3-2: Base on Balls Edison Olson to second
|
Batting: RHB Jeffrey Hicks
|
0-0: Ball 1-0: Fly out, F8 (Flyball, 8LM)
|
Bottom of the 3rd over - 0 run(s), 1 hit(s), 0 error(s), 2 left on base; Connecticut 7 - Arizona State 1 |
TOP OF THE 4TH |
Connecticut Huskies batting - Pitching for Arizona State Sun Devils : RHP Germán García
|
Pitching: RHP William Mathis
|
|
Batting: LHB Michael Myers
|
0-0: Foul Ball, location: 2F 0-1: Ball 1-1: Foul Ball, location: 2F 1-2: Strikes out swinging
|
Batting: SHB Juan Román
|
0-0: Ball 1-0: SINGLE (Line Drive, 6)
|
Batting: RHB Rob Schmidt
|
0-0: Called Strike 0-1: Foul Ball, location: 2F 0-2: Ball 1-2: Foul Ball, location: 2F 1-2: Foul Ball, location: 2F 1-2: Grounds into double play, 6-4-3 (Groundball, 6)
|
Top of the 4th over - 0 run(s), 1 hit(s), 0 error(s), 0 left on base; Connecticut 7 - Arizona State 1 |
BOTTOM OF THE 4TH |
Arizona State Sun Devils batting - Pitching for Connecticut Huskies : RHP Chris Chamberlain
|
Batting: LHB Derrick Simpson
|
0-0: Ground out 4-3 (Groundball, 34)
|
Batting: RHB Jed Anderson
|
0-0: Ball 1-0: Foul Ball, location: 2F 1-1: Ball 2-1: Ball 3-1: SINGLE (Groundball, 56)
|
Batting: RHB Geoff Jackson
|
0-0: Called Strike 0-1: Foul Ball, location: 2F 0-2: Foul Ball, location: 2F 0-2: Ball 1-2: Ball 2-2: Foul Ball, location: 2F 2-2: Strikes out looking
|
Batting: RHB Tom Hicks
|
0-0: Fielders Choice at 2nd, U4 (Groundball, 4M)
|
Bottom of the 4th over - 0 run(s), 1 hit(s), 0 error(s), 1 left on base; Connecticut 7 - Arizona State 1 |
TOP OF THE 5TH |
Connecticut Huskies batting - Pitching for Arizona State Sun Devils : RHP William Mathis
|
Batting: SHB Enrique Rojas
|
0-0: Ground out 4-3 (Groundball, 4)
|
Batting: RHB Alberto Peña
|
0-0: Called Strike 0-1: Called Strike 0-2: Strikes out swinging
|
Batting: RHB Gordon Brown
|
0-0: Called Strike 0-1: Ball 1-1: Swinging Strike 1-2: Strikes out swinging
|
Top of the 5th over - 0 run(s), 0 hit(s), 0 error(s), 0 left on base; Connecticut 7 - Arizona State 1 |
BOTTOM OF THE 5TH |
Arizona State Sun Devils batting - Pitching for Connecticut Huskies : RHP Chris Chamberlain
|
Batting: LHB Enrique Cruz
|
0-0: Ball 1-0: Swinging Strike 1-1: Swinging Strike 1-2: Strikes out swinging
|
Batting: RHB Walter Brown
|
0-0: Called Strike Error on foul ball, E7 0-2: Reached on error, E6 (Groundball, 6)
|
Batting: RHB Edison Olson
|
0-0: Called Strike 0-1: Ball 1-1: Called Strike 1-2: Ball 2-2: Fielders Choice at 2nd, 6-4 (Groundball, 6)
|
Batting: RHB Michael Fisher
|
0-0: Called Strike Edison Olson steals 2nd base 0-1: Ball 1-1: Swinging Strike 1-2: Strikes out swinging
|
Bottom of the 5th over - 0 run(s), 0 hit(s), 2 error(s), 1 left on base; Connecticut 7 - Arizona State 1 |
TOP OF THE 6TH |
Connecticut Huskies batting - Pitching for Arizona State Sun Devils : RHP William Mathis
|
Batting: LHB Chris Schultz
|
0-0: Swinging Strike 0-1: Foul Ball, location: 2F 0-2: Ground out 2-3 (Groundball, 2L)
|
Batting: RHB Brian Kramer
|
0-0: Called Strike 0-1: Ball 1-1: Ball 2-1: Ball 3-1: Foul Ball, location: 2F 3-2: SINGLE (Groundball, 6MD)
|
Batting: RHB Jeff Manley
|
0-0: Ball Brian Kramer steals 2nd base 1-0: SINGLE (Line Drive, 8LS) Brian Kramer to third Runner from 3rd tries for Home, SAFE, no throw or cutoff
|
Batting: LHB Michael Myers
|
0-0: Called Strike 0-1: Ball Jeff Manley steals 2nd base 1-1: Called Strike 1-2: Ball 2-2: 2-RUN HOME RUN (Line Drive, 89XD), Distance : 384 ft
|
Pitching: RHP Manuel Pérez
|
|
Batting: SHB Juan Román
|
0-0: Foul Ball, location: 2F 0-1: Ball 1-1: Called Strike 1-2: Strikes out swinging
|
Batting: RHB Rob Schmidt
|
0-0: Fly out, F8 (Line Drive, 8RM)
|
Top of the 6th over - 3 run(s), 3 hit(s), 0 error(s), 0 left on base; Connecticut 10 - Arizona State 1 |
BOTTOM OF THE 6TH |
Arizona State Sun Devils batting - Pitching for Connecticut Huskies : RHP Chris Chamberlain
|
Batting: RHB Jeffrey Hicks
|
0-0: Foul Ball, location: 2F 0-1: Called Strike 0-2: Strikes out swinging
|
Batting: LHB Derrick Simpson
|
0-0: Ball 1-0: Ball 2-0: Swinging Strike 2-1: Ball 3-1: Base on Balls
|
Batting: RHB Jed Anderson
|
0-0: Called Strike Derrick Simpson steals 2nd base 0-1: Called Strike 0-2: Strikes out looking
|
Pitching: RHP Nick Higgins
|
|
Batting: RHB Geoff Jackson
|
0-0: Ground out 5-3 (Groundball, 5S)
|
Bottom of the 6th over - 0 run(s), 0 hit(s), 0 error(s), 1 left on base; Connecticut 10 - Arizona State 1 |
TOP OF THE 7TH |
Connecticut Huskies batting - Pitching for Arizona State Sun Devils : RHP Manuel Pérez
|
Batting: SHB Enrique Rojas
|
0-0: Foul Ball, location: 2F 0-1: Ball 1-1: Ball 2-1: Called Strike 2-2: Ball 3-2: DOUBLE (Flyball, 78D)
|
Batting: RHB Alberto Peña
|
0-0: Ball 1-0: Bunt missed! 1-1: Sac Bunt - play at first, batter OUT! 1-4 Enrique Rojas to third
|
Batting: RHB Gordon Brown
|
0-0: Foul Ball, location: 2F 0-1: Foul Ball, location: 2F 0-2: Foul Ball, location: 2F 0-2: Ball 1-2: Strikes out swinging
|
Batting: LHB Chris Schultz
|
0-0: Ball 1-0: Called Strike 1-1: Swinging Strike 1-2: Ball 2-2: Fly out, F7 (Popup, 56D)
|
Top of the 7th over - 0 run(s), 1 hit(s), 0 error(s), 1 left on base; Connecticut 10 - Arizona State 1 |
BOTTOM OF THE 7TH |
Arizona State Sun Devils batting - Pitching for Connecticut Huskies : RHP Nick Higgins
|
Batting: RHB Tom Hicks
|
0-0: Called Strike 0-1: Ball 1-1: Foul Ball, location: 2F 1-2: Ball 2-2: Foul Ball, location: 2F 2-2: Foul Ball, location: 2F 2-2: Fly out, F7 (Flyball, 7M)
|
Batting: LHB Enrique Cruz
|
0-0: Swinging Strike 0-1: Foul Ball, location: 2F 0-2: Ball 1-2: Strikes out swinging
|
Batting: RHB Walter Brown
|
0-0: Foul Ball, location: 2F 0-1: Foul Ball, location: 2F 0-2: Ball 1-2: Foul Ball, location: 2F 1-2: Foul Ball, location: 2F 1-2: Ball 2-2: Ball 3-2: SINGLE (Line Drive, 4MD)
|
Batting: RHB Edison Olson
|
0-0: Called Strike 0-1: Foul Ball, location: 2F 0-2: Strikes out looking
|
Bottom of the 7th over - 0 run(s), 1 hit(s), 0 error(s), 1 left on base; Connecticut 10 - Arizona State 1 |
TOP OF THE 8TH |
Connecticut Huskies batting - Pitching for Arizona State Sun Devils : RHP Manuel Pérez
|
Batting: RHB Brian Kramer
|
0-0: Foul Ball, location: 2F 0-1: SINGLE (Line Drive, 9S)
|
Batting: RHB Jeff Manley
|
0-0: Ball 1-0: Called Strike 1-1: SINGLE (Groundball, 34S) Brian Kramer to second Runner from 2nd tries for 3rd, SAFE, throw made to third Jeff Manley to second
|
Batting: LHB Michael Myers
|
0-0: Ball 1-0: Ball 2-0: Ball 3-0: Base on Balls
|
Batting: SHB Juan Román
|
0-0: Ball 1-0: Grounds into double play, U6-3 (Groundball, 6M) Brian Kramer scores Jeff Manley to third
|
Batting: RHB Rob Schmidt
|
0-0: Ball 1-0: Swinging Strike 1-1: Foul Ball, location: 2F 1-2: Strikes out swinging
|
Top of the 8th over - 1 run(s), 2 hit(s), 0 error(s), 1 left on base; Connecticut 11 - Arizona State 1 |
BOTTOM OF THE 8TH |
Arizona State Sun Devils batting - Pitching for Connecticut Huskies : RHP Nick Higgins
|
Batting: RHB Michael Fisher
|
0-0: Ball 1-0: Fly out, F9 (Flyball, 89S)
|
Batting: RHB Jeffrey Hicks
|
0-0: Ball 1-0: Ball 2-0: Ball 3-0: Called Strike 3-1: Base on Balls
|
Batting: LHB Derrick Simpson
|
0-0: Ball 1-0: Ball 2-0: Called Strike 2-1: Fielders Choice at 2nd, 6-4 (Groundball, 6)
|
Batting: RHB Jed Anderson
|
0-0: Ball 1-0: Reached on error, E5 (Groundball, 56) Derrick Simpson to second
|
Batting: RHB Geoff Jackson
|
0-0: Ball 1-0: Ball 2-0: Ball 3-0: Called Strike 3-1: Base on Balls Derrick Simpson to third Jed Anderson to second
|
Batting: RHB Tom Hicks
|
0-0: Ball 1-0: Ball 2-0: Called Strike 2-1: Ball 3-1: Base on Balls Derrick Simpson scores Jed Anderson to third Geoff Jackson to second
|
Batting: LHB Enrique Cruz
|
0-0: Ground out 3-1 (Groundball, 3L)
|
Bottom of the 8th over - 1 run(s), 0 hit(s), 1 error(s), 3 left on base; Connecticut 11 - Arizona State 2 |
TOP OF THE 9TH |
Connecticut Huskies batting - Pitching for Arizona State Sun Devils : RHP Manuel Pérez
|
Batting: SHB Enrique Rojas
|
0-0: Foul Ball, location: 2F 0-1: Called Strike 0-2: Foul Ball, location: 2F 0-2: Strikes out looking
|
Batting: RHB Alberto Peña
|
0-0: Called Strike 0-1: Ball 1-1: Foul Ball, location: 2F 1-2: Ball 2-2: Ball 3-2: Base on Balls
|
Batting: RHB Gordon Brown
|
0-0: Ball 1-0: Fly out, F7 (Line Drive, 78M)
|
Batting: LHB Chris Schultz
|
0-0: Ball 1-0: Ball 2-0: Ball 3-0: Base on Balls Alberto Peña to second
|
Batting: RHB Brian Kramer
|
0-0: Ball 1-0: Ball 2-0: SINGLE (Groundball, 56D) (infield hit) Alberto Peña to third Chris Schultz to second
|
Batting: RHB Jeff Manley
|
0-0: Called Strike 0-1: SINGLE (Groundball, 6D) Alberto Peña scores Chris Schultz to third Brian Kramer to second Runner from 3rd tries for Home, SAFE, no throw or cutoff
|
Batting: LHB Michael Myers
|
0-0: Called Strike 0-1: Ball 1-1: Foul Ball, location: 2F 1-2: Foul Ball, location: 2F 1-2: Foul Ball, location: 2F 1-2: Ball 2-2: Foul Ball, location: 2F 2-2: SINGLE (Groundball, 34D) Brian Kramer to third Jeff Manley to second Runner from 3rd tries for Home, SAFE, no throw or cutoff
|
Pitching: LHP Ryan Stevenson
|
|
Batting: SHB Juan Román
|
0-0: Called Strike 0-1: Fly out, F8 (Flyball, 8RM)
|
Top of the 9th over - 3 run(s), 3 hit(s), 0 error(s), 2 left on base; Connecticut 14 - Arizona State 2 |
BOTTOM OF THE 9TH |
Arizona State Sun Devils batting - Pitching for Connecticut Huskies : RHP Nick Higgins
|
Batting: RHB Walter Brown
|
0-0: Ball 1-0: Ball 2-0: Called Strike 2-1: SINGLE (Groundball, 4M)
|
Pitching: RHP Artie Taylor
|
|
Batting: RHB Edison Olson
|
0-0: Ball 1-0: SINGLE (Line Drive, 78M) Walter Brown to second
|
Batting: RHB Michael Fisher
|
0-0: Called Strike 0-1: Called Strike 0-2: Ball 1-2: SINGLE (Line Drive, 89S) Walter Brown to third Edison Olson to second
|
Batting: RHB Jeffrey Hicks
|
0-0: Ball 1-0: Swinging Strike 1-1: Foul Ball, location: 2F 1-2: Strikes out swinging
|
Batting: LHB Derrick Simpson
|
0-0: Called Strike 0-1: Swinging Strike 0-2: Fly out, F7 (Flyball, 7LM)
|
Batting: RHB Jed Anderson
|
0-0: Ball 1-0: Called Strike 1-1: Swinging Strike 1-2: Ball 2-2: Ball 3-2: Strikes out swinging
|
Bottom of the 9th over - 0 run(s), 3 hit(s), 0 error(s), 3 left on base; Connecticut 14 - Arizona State 2 |
|